 Dungeon Crawl Stone Soup version 0.24.0-125-gc4c63601f3 (webtiles) character file.

Game seed: 16956143546804771615, levelgen mode: deterministic

84 H0rd4k the Charlatan (level 4, -1/32 HPs)
             Began as a Human Artificer on Mar 11, 2020.
             Succumbed to an orc wizard's poison
             ... on level 4 of the Dungeon.
             The game lasted 00:02:54 (1786 turns).

H0rd4k the Charlatan (Human Artificer)              Turns: 1786, Time: 00:02:55

Health: -1/32      AC:  4    Str: 13    XL:     4   Next: 72%
Magic:  6/6        EV: 12    Int: 11    God:
Gold:   70         SH:  0    Dex: 14    Spells: 3/3 levels left

rFire    . . .     SeeInvis .   a - +0 short sword
rCold    . . .     Gourm    .   (no shield)
rNeg     . . .     Faith    .   b - +0 leather armour
rPois    .         Spirit   .   (no helmet)
rElec    .         Reflect  .   (no cloak)
rCorr    .         Harm     .   l - +0 pair of gloves
MR       .....                  (no boots)
Stlth    +.........             (no amulet)
HPRegen  0.10/turn              (no ring)
MPRegen  0.10/turn              (no ring)

@: lethally poisoned (-1 -> -33)
A: no striking features
a: no special abilities


You were on level 4 of the Dungeon.
You were hungry.

You visited 1 branch of the dungeon, and saw 5 of its levels.

You collected 70 gold pieces.

Inventory:

Hand Weapons
 a - a +0 short sword (weapon)
Missiles
 k - 26 poisoned darts (quivered)
Armour
 b - a +0 leather armour (worn)
 l - a +0 pair of gloves (worn)
Wands
 c - a wand of flame (3)
 d - a wand of enslavement (12)
 e - a wand of random effects (15)
Scrolls
 g - 5 scrolls of immolation {unknown}
 h - 2 scrolls of remove curse {unknown}
 i - a scroll of amnesia {unknown}
 m - a scroll of identify {unknown}
 o - a scroll of blinking {unknown}
 p - a scroll of fog {unknown}
Potions
 j - a potion of lignification {unknown}
 q - a potion of curing {unknown}
Comestibles
 f - 4 rations


   Skills:
 + Level 1.3 Fighting
 + Level 2.0 Short Blades
 + Level 1.9 Armour
 + Level 2.5 Dodging
 + Level 1.0 Stealth
 + Level 3.6 Evocations


You had 3 spell levels left.
You didn't know any spells.
Your spell library was empty.

Dungeon Overview and Level Annotations

Branches:
Dungeon (5/15)
 Temple: D:4-7

Altars:
Gozag


Message History

You are more poisoned.
Evoke which item? (* to show all) (? for menu, Esc to quit)
Aiming: Throw Flame
Press: ? - help, Shift-Dir - straight line
* * * LOW HITPOINT WARNING * * *
You feel sick. Something hits you.
* * * LOW HITPOINT WARNING * * *
You are more poisoned.
Evoke which item? (* to show all) (? for menu, Esc to quit)
Aiming: Throw Flame
Press: ? - help, Shift-Dir - straight line
* * * LOW HITPOINT WARNING * * *
You feel sick. Something hits you.
* * * LOW HITPOINT WARNING * * *
You are more poisoned.
Evoke which item? (* to show all) (? for menu, Esc to quit)
Aiming: Throw Flame
Press: ? - help, Shift-Dir - straight line The puff of flame hits something!
You die...

#......#...#
......)#...##
.......)....#
#.....)#....####
###+####.......#
#.......############
#...................
###'####............
#..@...#............
#......#............
#......#............
+......#............
########............
######+###'##
...........
.......>.<.
...........


There were no monsters in sight!

Vanquished Creatures
  A jelly (D:5)
  An adder (D:2)
  3 dart slugs
  4 leopard geckos
  3 bats
  2 giant cockroaches
  5 hobgoblins
  2 jackals (D:4)
  A quokka (D:2)
  2 frilled lizards
  4 goblins
  6 kobolds
  4 rats (D:1)
38 creatures vanquished.

Vanquished Creatures (collateral kills)
  An orc wizard (D:4)
  A hound skeleton (D:5)
2 creatures vanquished.

Vanquished Creatures (others)
  An orc warrior (D:4)
  An orc (D:4)
2 creatures vanquished.

Grand Total: 42 creatures vanquished

Notes
Turn   | Place    | Note
-------+----------+-------------------------------------------
     0 | D:1      | H0rd4k the Human Artificer began the quest for the Orb.
     0 | D:1      | Reached XP level 1. HP: 15/15 MP: 3/3
   133 | D:1      | Reached XP level 2. HP: 3/21 MP: 4/4
   833 | D:2      | Reached XP level 3. HP: 25/26 MP: 5/5
   839 | D:2      | Reached skill level 1 in Armour
   936 | D:2      | Found an opulent altar of Gozag.
  1320 | D:2      | Reached XP level 4. HP: 28/32 MP: 6/6
  1540 | D:3      | You fall into a shaft and drop 2 floors!
  1540 | D:5      | Entered Level 5 of the Dungeon
  1670 | D:3      | Found an opulent altar of Gozag.
  1750 | D:4      | Noticed an orc warrior
  1786 | D:4      | Succumbed to an orc wizard's poison

Levels and vault maps discovered:
D:1:      scummos_arrival_simple_crosswalls, layout_basic
D:2:      layout_rooms, first_ration, grunt_gozag_statues
D:3:      layout_loops_ring, nicolae_overflow_hidden_temple,
          lemuel_crystal_altar, bh_walls_and_bars
D:4:      minmay_chambers_of_fours, layout_gridville, zin_purify,
          marbit_many_paths, led_sif_book, uniq_menkaure
D:5:      kb_forest_paths, layout_basic, fedhas_altar_1, uniq_edmund,
          uniq_eustachio, uniq_sigmund

Skill      XL: |  1  2  3  4 |
---------------+-------------+-----
Armour         | 1 |  1.9
Short Blades   | 2 |  2.0
Fighting       | |  1.3
Dodging        | |  2.5
Stealth        | |  1.0
Evocations     | |  3.6

Action                   |  1- 3 |  4- 6 || total
-------------------------+-------+-------++-------
Melee: Short sword       |   119 |    30 ||   149
Evoke: Wand              |     7 |     8 ||    15
 Stab: Sleeping          |     1 |       ||     1
  Eat: Chunk             |     1 |     1 ||     2
Armor: Leather armour    |    33 |     6 ||    39
Dodge: Dodged            |    84 |    21 ||   105
